 Dungeon Crawl Stone Soup version 0.28.0-53-g5a82cb258f (webtiles) character file.

Game seed: 11781973820006219669

32 cbfl8 the Skirmisher (level 3, -1/33 HPs)
             Began as a Hill Orc Fighter on July 21, 2022.
             Slain by an iguana (2 damage)
             ... on level 2 of the Dungeon.
             The game lasted 00:01:02 (1033 turns).

cbfl8 the Skirmisher (Hill Orc Fighter)             Turns: 1033, Time: 00:01:03

Health: -1/33      AC:  6    Str: 18    XL:     3   Next: 25%
Magic:  3/3        EV:  9    Int:  8    God:
Gold:   94         SH:  4    Dex: 12    Spells: 2/2 levels left

rFire   . . .      SeeInvis .   a - +0 war axe
rCold   . . .      Faith    .   c - +0 buckler
rNeg    . . .      Spirit   .   b - +0 scale mail
rPois   .          Reflect  .   (no helmet)
rElec   .          Harm     .   (no cloak)
rCorr   .          Rampage  .   (no gloves)
Will    .....                   (no boots)
Stlth   ..........              (no amulet)
HPRegen 0.11/turn               (no ring)
MPRegen 0.08/turn               (no ring)

@: no status effects
A: no striking features
a: no special abilities


You were on level 2 of the Dungeon.
You visited 1 branch of the dungeon, and saw 2 of its levels.

You collected 94 gold pieces.

Inventory:

Hand Weapons
 a - a +0 war axe (weapon)
Armour
 b - a +0 scale mail (worn)
 c - a +0 buckler (worn)
Scrolls
 e - 2 scrolls of vulnerability {unknown}
 g - a scroll of torment {unknown}
 i - a scroll of teleportation {unknown}
Potions
 d - a potion of might
 f - 2 potions of curing {unknown}
 h - 3 potions of invisibility {unknown}


   Skills:
 + Level 4.2 Fighting
 + Level 3.4 Axes
 + Level 3.6 Armour
 + Level 3.5 Shields


You had 2 spell levels left.
You didn't know any spells.
Your spell library was empty.

Dungeon Overview and Level Annotations

Branches:
Dungeon (2/15)

Altars:

Shops:
D:1 :


Message History

Done exploring.
There is a stone staircase leading down here.
You climb downwards.
There is a stone staircase leading up here.
Found a faded altar of an unknown god.
There is a faded altar of an unknown god here.
A giant cockroach comes into view.
You see here 13 gold pieces.
You slash the giant cockroach!
You kill the giant cockroach!
You now have 82 gold pieces (gained 13).
You see here a giant cockroach corpse.
Found a pair of gloves.
You now have 94 gold pieces (gained 12).
You see here a +0 pair of gloves.
An iguana comes into view.
The iguana hisses angrily.
An iguana is nearby!
You see here 7 gold pieces.
The iguana bites you.
You hit the iguana but do no damage. The iguana bites you!
You completely miss the iguana. You block the iguana's attack.
The iguana barely misses you.
You slash the iguana!
The iguana is heavily wounded.
The iguana bites you but does no damage.
You barely miss the iguana.
The iguana is heavily wounded.
The iguana bites you! You block the iguana's attack.
You are too injured to fight recklessly!
You are too injured to fight recklessly!
You are too injured to fight recklessly!
You hit the iguana.
The iguana is almost dead.
The iguana bites you!
* * * LOW HITPOINT WARNING * * *
You hit the iguana but do no damage.
The iguana is almost dead.
The iguana bites you.
You die...

## ##### ...
#...#### ..#.
####.#.[..# .....
#.......#.####....#
#.###.#.#.$.@l...#
#.# #.#.######.#.#
#.# #.#.# # #.#
#...# #.#####.#
#.......# ######..#
#####...####
...........+


You could see an iguana.

Vanquished Creatures
  3 bats (D:1)
  3 endoplasms (D:1)
  3 giant cockroaches
  4 hobgoblins (D:1)
  4 kobolds (D:1)
  3 quokkas (D:1)
  A frilled lizard (D:1)
  3 goblins (D:1)
  3 rats (D:1)
27 creatures vanquished.

Notes
Turn   | Place    | Note
-------+----------+-------------------------------------------
     0 | D:1      | cbfl8 the Hill Orc Fighter began the quest for the Orb.
     0 | D:1      | Reached XP level 1. HP: 19/19 MP: 1/1
   147 | D:1      | Reached XP level 2. HP: 27/27 MP: 2/2
   241 | D:1      | Reached skill level 4 in Fighting
   548 | D:1      | Found Esenoafa's Book Emporium.
   670 | D:1      | Reached XP level 3. HP: 33/33 MP: 3/3
   987 | D:2      | Found a faded altar of an unknown god.
  1032 | D:2      | HP: 1/33 [iguana (9)]
  1033 | D:2      | Slain by an iguana

Illustrated notes

Levels and vault maps discovered:
D:1:      psy_arrival_radial01, layout_basic, serial_shops,
          nicolae_shop_advertising_works [nicolae_subvault_shop_adworks],
          minmay_split_cup_large
D:2:      layout_loops_corners, basic_altar, basic_ecumenical_altar,
          minmay_crystal_room, uniq_terence

Skill      XL: |  1  2 |
---------------+-------+-----
Axes           | 3 |  3.4
Fighting       | 4 |  4.2
Armour         | |  3.6
Shields        | |  3.5

Action                   || total
-------------------------++-------
Melee: War axe           ||    76
Armor: Scale mail        ||    38
Dodge: Dodged            ||    37
Block: Buckler           ||    16
